[ AOE2 MATCH · #483336030 ]
UnrankedItalians vs Persians
[ REPLAY ANALYSIS · EXTRACTED FROM THE RECORDED GAME ]
Feudal
11:33
Castle
15:20
Imperial
36:42
| APM avg | 31.0 |
| APM peak | 71 |
| eAPM avg | 19.6 |
| Villagers / military | 136 / 690 |
Focus
⚔️ 36.6% · 🌾 63.4%
Scout Cavalry ×284 · Genoese Crossbowman ×238 · Knight ×128 · Unknown (882) ×35 · Bombard Cannon ×18 · Trebuchet (Packed) ×9
Feudal
10:37
Castle
17:34
Imperial
29:23
| APM avg | 31.4 |
| APM peak | 76 |
| eAPM avg | 21.5 |
| Villagers / military | 153 / 378 |
Focus
⚔️ 27.2% · 🌾 72.8%
Spearman ×349 · Hussite Wagon ×17 · Bombard Cannon ×6 · Trebuchet (Packed) ×3 · Militia ×1 · Mangonel ×1
Feudal
9:25
Castle
17:44
Imperial
33:04
| APM avg | 13.0 |
| APM peak | 36 |
| eAPM avg | 8.4 |
| Villagers / military | 72 / 119 |
Focus
⚔️ 28.1% · 🌾 71.9%
Archer ×61 · Knight ×37 · Camel Scout ×15 · Spearman ×4 · Scout Cavalry ×2
Feudal
10:46
Castle
14:52
Imperial
28:06
| APM avg | 35.1 |
| APM peak | 92 |
| eAPM avg | 23.3 |
| Villagers / military | 196 / 589 |
Focus
⚔️ 32.8% · 🌾 67.2%
Scout Cavalry ×393 · Scorpion ×75 · Skirmisher ×44 · Ballista Elephant ×33 · Spearman ×25 · Trebuchet (Packed) ×18
Feudal
12:09
Castle
15:46
Imperial
37:14
| APM avg | 22.0 |
| APM peak | 67 |
| eAPM avg | 12.4 |
| Villagers / military | 98 / 57 |
Focus
⚔️ 25.3% · 🌾 74.7%
Spearman ×47 · Unknown (1949) ×40 · Monk ×4 · Mangonel ×4 · Battering Ram ×2 · Unknown (1954) ×1
Feudal
11:29
Castle
15:33
Imperial
30:18
| APM avg | 28.7 |
| APM peak | 61 |
| eAPM avg | 19.8 |
| Villagers / military | 210 / 244 |
Focus
⚔️ 33.7% · 🌾 66.3%
Archer ×69 · Mameluke ×64 · Skirmisher ×56 · Scout Cavalry ×42 · Bombard Cannon ×6 · Scorpion ×4
Match map
Initial resources + every placement click. Lines = walls · curves = elevation contours. ◆ gold · ⬟ stone · ● berries · ✦ relic · ◌ wall gap
Your base· ✓ Closed at 15:20 · 0t walls · 2 gate(s)
Bamboozled Kiwi's base· ✓ Closed at 17:34 · 0t walls · 3 gate(s)
jabbler's base· ✓ Closed at 17:44 · 0t walls · 2 gate(s)
Bry.D's base· ✓ Closed at 14:52 · 0t walls · 3 gate(s)
Kellokz's base· ✓ Closed at 15:46 · 0t walls · 2 gate(s)
1683195's base· ✓ Closed at 15:33 · 0t walls · 2 gate(s)
Smoothed initial terrain · ◌ = detected wall gap · hover for details
Inputs per minute
— Kauly | TTV - - Bamboozled Kiwi
Build order — Kauly | TTV
First 150 of 469 actions detected
| 0:01 | Create | Villager (Male) |
| 0:01 | Create | Villager (Male) |
| 0:01 | Create | Villager (Male) |
| 0:02 | Create | Villager (Male) |
| 0:04 | Build | House |
| 0:08 | Build | House |
| 0:11 | Build | House |
| 1:30 | Create | Villager (Male) |
| 1:30 | Create | Villager (Male) |
| 1:30 | Create | Villager (Male) |
| 2:00 | Create | Villager (Male) |
| 2:01 | Create | Villager (Male) |
| 2:34 | Create | Villager (Male) |
| 2:35 | Create | Villager (Male) |
| 2:35 | Create | Villager (Male) |
| 2:43 | Build | Lumber Camp |
| 2:46 | Create | Villager (Male) |
| 2:47 | Create | Villager (Male) |
| 3:18 | Create | Villager (Male) |
| 3:18 | Create | Villager (Male) |
| 3:33 | Create | Villager (Male) |
| 3:50 | Create | Villager (Male) |
| 3:50 | Create | Villager (Male) |
| 3:50 | Create | Villager (Male) |
| 3:50 | Create | Villager (Male) |
| 4:52 | Create | Villager (Male) |
| 4:52 | Create | Villager (Male) |
| 5:05 | Create | Villager (Male) |
| 5:05 | Create | Villager (Male) |
| 5:05 | Create | Villager (Male) |
| 6:07 | Build | House |
| 6:19 | Create | Villager (Male) |
| 6:19 | Create | Villager (Male) |
| 6:20 | Create | Villager (Male) |
| 6:20 | Create | Villager (Male) |
| 6:20 | Create | Villager (Male) |
| 6:20 | Create | Villager (Male) |
| 6:20 | Create | Villager (Male) |
| 6:20 | Create | Villager (Male) |
| 6:21 | Create | Villager (Male) |
| 7:18 | Build | Lumber Camp |
| 8:37 | Build | Mining Camp |
| 8:55 | Build | Mill |
| 9:23 | Research | Feudal Age |
| 10:50 | Build | Farm |
| 10:51 | Build | Farm |
| 11:03 | Build | House |
| 11:13 | Build | House |
| 11:33 | Age | Feudal Age |
| 11:35 | Build | Blacksmith |
| 11:40 | Build | Market |
| 11:46 | Build | Market |
| 11:55 | Build | House |
| 12:15 | Create | Villager (Male) |
| 12:17 | Create | Villager (Male) |
| 12:36 | Research | Castle Age |
| 12:49 | Research | Double-Bit Axe |
| 13:16 | Research | Horse Collar |
| 14:52 | Create | Villager (Male) |
| 14:52 | Create | Villager (Male) |
| 15:20 | Age | Castle Age |
| 15:23 | Build | Monastery |
| 15:29 | Build | Town Center |
| 15:37 | Build | Town Center |
| 15:45 | Create | Monk |
| 15:45 | Create | Monk |
| 15:45 | Create | Monk |
| 15:45 | Create | Monk |
| 15:46 | Create | Monk |
| 15:53 | Create | Villager (Male) |
| 16:21 | Create | Villager (Male) |
| 16:22 | Research | Bow Saw |
| 16:51 | Create | Monk |
| 16:55 | Create | Villager (Male) ×4 |
| 17:50 | Build | Farm |
| 17:55 | Build | Farm |
| 17:55 | Build | Farm |
| 17:55 | Build | Farm |
| 17:56 | Build | Farm |
| 17:57 | Build | Farm |
| 17:57 | Build | Farm |
| 18:12 | Build | House |
| 18:14 | Create | Villager (Male) ×3 |
| 18:29 | Create | Villager (Male) |
| 18:32 | Build | Farm |
| 18:33 | Build | Farm |
| 18:50 | Build | House |
| 18:55 | Build | Farm |
| 19:01 | Create | Villager (Male) |
| 19:03 | Build | House |
| 19:09 | Build | Farm |
| 19:28 | Create | Villager (Male) ×4 |
| 19:30 | Build | House |
| 19:32 | Build | Farm |
| 19:33 | Build | Farm |
| 19:34 | Build | Farm |
| 19:36 | Build | Farm |
| 19:44 | Create | Villager (Male) |
| 19:55 | Create | Villager (Male) ×2 |
| 20:02 | Build | House |
| 20:04 | Build | Farm |
| 20:07 | Create | Villager (Male) |
| 20:31 | Build | Town Center |
| 20:34 | Create | Villager (Male) ×2 |
| 20:47 | Build | House |
| 21:11 | Research | Wheelbarrow |
| 21:12 | Create | Villager (Male) |
| 21:15 | Build | Farm |
| 21:15 | Build | Farm |
| 21:19 | Create | Villager (Male) |
| 21:21 | Build | House |
| 21:22 | Build | House |
| 21:25 | Build | House |
| 21:28 | Create | Villager (Male) |
| 21:34 | Build | Farm |
| 21:37 | Create | Villager (Male) |
| 21:45 | Research | Gold Mining |
| 21:45 | Research | Gold Mining |
| 21:45 | Research | Gold Mining |
| 22:06 | Research | Loom |
| 22:10 | Create | Villager (Male) ×2 |
| 22:14 | Build | Farm |
| 22:17 | Build | Farm |
| 22:17 | Build | Farm |
| 22:25 | Build | House |
| 22:32 | Create | Villager (Male) ×3 |
| 22:38 | Build | Farm |
| 22:42 | Build | Farm |
| 22:42 | Build | Farm |
| 22:43 | Build | Farm |
| 22:57 | Create | Villager (Male) ×4 |
| 23:09 | Build | Mining Camp |
| 23:12 | Create | Villager (Male) ×2 |
| 23:15 | Build | Blacksmith |
| 23:17 | Build | House |
| 23:24 | Create | Villager (Male) ×3 |
| 23:38 | Create | Villager (Male) ×3 |
| 23:54 | Research | Loom |
| 23:58 | Create | Villager (Male) ×4 |
| 24:06 | Build | Farm |
| 24:07 | Build | Farm |
| 24:20 | Create | Villager (Male) ×5 |
| 24:40 | Build | Castle |
| 24:46 | Build | University |
| 24:47 | Build | House |
| 24:48 | Build | House |
| 24:49 | Build | House |
| 24:52 | Research | Hand Cart |
| 25:04 | Build | Mining Camp |
| 25:10 | Build | Farm |
Build order — Bamboozled Kiwi
First 150 of 517 actions detected
| 0:01 | Create | Villager (Male) |
| 0:02 | Create | Villager (Male) |
| 0:02 | Create | Villager (Male) |
| 0:04 | Build | House |
| 0:05 | Build | House |
| 0:06 | Create | Villager (Male) |
| 0:06 | Create | Villager (Male) |
| 1:30 | Create | Villager (Male) |
| 1:30 | Create | Villager (Male) |
| 1:45 | Build | Mining Camp |
| 1:50 | Build | Lumber Camp |
| 1:53 | Create | Villager (Male) |
| 1:53 | Create | Villager (Male) |
| 2:19 | Create | Villager (Male) |
| 2:19 | Create | Villager (Male) |
| 2:49 | Create | Villager (Male) |
| 2:50 | Create | Villager (Male) |
| 3:09 | Build | House |
| 3:14 | Create | Villager (Male) |
| 3:14 | Create | Villager (Male) |
| 3:40 | Create | Villager (Male) |
| 3:52 | Build | House |
| 4:24 | Create | Villager (Male) |
| 4:24 | Create | Villager (Male) |
| 4:32 | Build | Mill |
| 4:57 | Create | Villager (Male) |
| 4:57 | Create | Villager (Male) |
| 4:57 | Create | Villager (Male) |
| 6:02 | Build | Mill |
| 6:13 | Create | Villager (Male) |
| 6:38 | Create | Villager (Male) |
| 7:08 | Create | Villager (Male) |
| 7:24 | Create | Villager (Male) |
| 7:43 | Research | Loom |
| 7:57 | Create | Villager (Male) |
| 8:27 | Research | Feudal Age |
| 9:27 | Build | Mining Camp |
| 9:40 | Create | Villager (Male) |
| 9:41 | Create | Villager (Male) |
| 9:49 | Build | House |
| 10:11 | Create | Villager (Male) |
| 10:11 | Create | Villager (Male) |
| 10:13 | Create | Villager (Male) |
| 10:37 | Age | Feudal Age |
| 10:42 | Research | Double-Bit Axe |
| 10:58 | Research | Horse Collar |
| 11:10 | Build | Blacksmith |
| 11:27 | Build | Market |
| 11:40 | Create | Villager (Male) |
| 11:48 | Build | Farm |
| 11:49 | Build | Farm |
| 11:53 | Build | Farm |
| 11:55 | Build | Farm |
| 11:59 | Create | Villager (Male) |
| 11:59 | Create | Villager (Male) |
| 11:59 | Create | Villager (Male) |
| 12:20 | Build | House |
| 12:41 | Build | House |
| 12:50 | Create | Villager (Male) |
| 12:53 | Build | Farm |
| 12:57 | Build | Farm |
| 13:33 | Build | Barracks |
| 13:35 | Create | Villager (Male) |
| 13:38 | Build | Farm |
| 13:40 | Build | Farm |
| 14:11 | Create | Villager (Male) |
| 14:17 | Build | Farm |
| 14:23 | Build | Farm |
| 14:25 | Build | Farm |
| 14:51 | Research | Castle Age |
| 15:07 | Build | Mining Camp |
| 15:15 | Research | Fletching |
| 15:15 | Research | Padded Archer Armor |
| 15:43 | Create | Spearman |
| 16:10 | Build | Barracks |
| 17:05 | Build | Barracks |
| 17:12 | Create | Villager (Male) |
| 17:34 | Age | Castle Age |
| 17:36 | Research | Bodkin Arrow |
| 18:17 | Build | Stone Wall |
| 18:45 | Build | Castle |
| 18:50 | Create | Villager (Male) |
| 18:51 | Create | Villager (Male) |
| 18:51 | Create | Villager (Male) |
| 19:11 | Build | University |
| 19:17 | Build | Farm |
| 19:19 | Create | Villager (Male) |
| 19:25 | Build | Lumber Camp |
| 19:32 | Research | Heavy Plow |
| 19:57 | Create | Villager (Male) |
| 20:16 | Build | Lumber Camp |
| 20:23 | Create | Hussite Wagon |
| 20:43 | Create | Villager (Male) |
| 20:52 | Research | Bow Saw |
| 21:14 | Build | House |
| 21:19 | Build | House |
| 21:23 | Create | Hussite Wagon |
| 21:23 | Create | Hussite Wagon |
| 21:24 | Create | Villager (Male) |
| 21:26 | Create | Villager (Male) |
| 21:58 | Build | Town Center |
| 22:08 | Create | Villager (Male) |
| 22:08 | Create | Villager (Male) |
| 22:14 | Create | Hussite Wagon |
| 22:14 | Create | Hussite Wagon |
| 22:28 | Build | Farm |
| 22:33 | Build | Farm |
| 22:36 | Build | Farm |
| 22:52 | Build | Farm |
| 22:52 | Build | Farm |
| 22:52 | Build | Farm |
| 22:53 | Build | Farm |
| 22:53 | Build | Farm |
| 22:54 | Build | Farm |
| 22:55 | Build | Farm |
| 22:55 | Build | Farm |
| 22:55 | Build | Farm |
| 23:02 | Create | Villager (Male) |
| 23:02 | Create | Villager (Male) |
| 23:04 | Create | Villager (Male) |
| 23:17 | Build | Farm |
| 23:21 | Build | Farm |
| 23:28 | Build | Farm |
| 23:36 | Build | Farm |
| 23:41 | Create | Villager (Male) |
| 24:14 | Build | Farm |
| 24:16 | Build | Farm |
| 24:19 | Build | Farm |
| 24:23 | Build | Farm |
| 24:26 | Create | Villager (Male) |
| 24:27 | Create | Villager (Male) |
| 24:30 | Create | Villager (Male) |
| 24:41 | Research | Wheelbarrow |
| 24:48 | Research | Town Watch |
| 25:04 | Create | Hussite Wagon |
| 25:23 | Create | Villager (Male) |
| 25:23 | Create | Villager (Male) |
| 25:42 | Create | Hussite Wagon |
| 25:50 | Build | Farm |
| 25:54 | Create | Villager (Male) |
| 26:12 | Research | Imperial Age |
| 26:13 | Create | Villager (Male) |
| 26:21 | Build | Siege Workshop |
| 26:31 | Create | Villager (Male) |
| 27:07 | Research | Leather Archer Armor |
| 27:13 | Research | Forging |
| 27:14 | Research | Scale Mail Armor |
| 27:23 | Create | Hussite Wagon |
| 27:31 | Build | Farm |
| 28:01 | Research | Chemistry |
Build order — jabbler
First 150 of 197 actions detected
| 0:04 | Build | House |
| 0:05 | Create | Villager (Male) |
| 0:05 | Create | Villager (Male) |
| 0:05 | Create | Villager (Male) |
| 0:05 | Create | Villager (Male) |
| 0:07 | Build | House |
| 0:18 | Create | Villager (Male) |
| 0:28 | Build | Lumber Camp |
| 0:49 | Build | Mill |
| 1:53 | Create | Villager (Male) |
| 2:19 | Create | Villager (Male) |
| 2:19 | Create | Villager (Male) |
| 2:59 | Create | Villager (Male) |
| 2:59 | Create | Villager (Male) |
| 3:00 | Create | Villager (Male) |
| 3:30 | Build | House |
| 3:38 | Create | Villager (Male) |
| 3:38 | Create | Villager (Male) |
| 3:40 | Create | Villager (Male) |
| 4:08 | Create | Villager (Male) |
| 4:50 | Create | Villager (Male) |
| 4:51 | Create | Villager (Male) |
| 4:51 | Create | Villager (Male) |
| 5:09 | Create | Villager (Male) |
| 5:21 | Build | House |
| 5:36 | Create | Villager (Male) |
| 6:30 | Create | Villager (Male) |
| 6:42 | Research | Feudal Age |
| 8:03 | Build | House |
| 8:04 | Build | House |
| 8:05 | Build | House |
| 8:29 | Create | Villager (Male) ×5 |
| 8:45 | Build | Mining Camp |
| 9:19 | Build | Mill |
| 9:25 | Age | Feudal Age |
| 9:36 | Create | Villager (Male) ×5 |
| 9:47 | Build | House |
| 10:06 | Build | Blacksmith |
| 11:16 | Build | Barracks |
| 11:44 | Research | Double-Bit Axe |
| 12:15 | Build | House |
| 12:20 | Build | House |
| 12:28 | Research | Horse Collar |
| 12:39 | Create | Villager (Male) |
| 13:08 | Build | Market |
| 13:19 | Create | Villager (Male) |
| 13:40 | Create | Villager (Male) |
| 14:13 | Create | Villager (Male) |
| 14:26 | Build | Farm |
| 14:37 | Create | Villager (Male) |
| 14:45 | Build | Farm |
| 15:02 | Build | Farm |
| 15:06 | Build | Farm |
| 15:09 | Build | Farm |
| 15:13 | Build | Farm |
| 15:18 | Research | Castle Age |
| 15:32 | Build | Farm |
| 16:05 | Build | Stable |
| 16:13 | Research | Gold Mining |
| 16:51 | Build | Farm |
| 16:51 | Build | Farm |
| 16:51 | Build | Farm |
| 16:51 | Build | Farm |
| 17:44 | Age | Castle Age |
| 17:48 | Create | Knight ×5 |
| 17:54 | Build | House |
| 17:55 | Create | Villager (Male) |
| 18:31 | Build | Stable |
| 18:37 | Research | Bloodlines |
| 18:43 | Build | Farm |
| 18:44 | Build | Farm |
| 18:45 | Build | Farm |
| 18:46 | Build | Farm |
| 18:47 | Create | Villager (Male) |
| 19:20 | Research | Heavy Plow |
| 19:36 | Build | Lumber Camp |
| 19:44 | Build | Lumber Camp |
| 19:58 | Research | Husbandry |
| 20:01 | Build | House |
| 20:25 | Research | Scale Barding Armor |
| 20:33 | Create | Villager (Male) |
| 20:33 | Create | Villager (Male) |
| 20:36 | Build | Farm |
| 20:50 | Build | Mining Camp |
| 20:53 | Create | Villager (Male) |
| 21:04 | Build | Farm |
| 21:09 | Create | Villager (Male) |
| 21:13 | Create | Knight |
| 21:56 | Research | Forging |
| 21:58 | Create | Knight |
| 22:04 | Create | Camel Scout |
| 22:14 | Create | Villager (Male) |
| 22:16 | Create | Villager (Male) |
| 22:25 | Build | Town Center |
| 22:34 | Build | Town Center |
| 22:44 | Research | Bow Saw |
| 22:45 | Create | Villager (Male) |
| 22:49 | Build | Farm |
| 23:02 | Build | Farm |
| 23:07 | Create | Villager (Male) |
| 23:17 | Create | Camel Scout ×2 |
| 23:45 | Build | Farm |
| 23:47 | Build | Farm |
| 23:58 | Create | Villager (Male) ×5 |
| 24:12 | Create | Villager (Male) |
| 24:16 | Build | Farm |
| 24:21 | Create | Villager (Male) |
| 24:49 | Build | Lumber Camp |
| 25:01 | Create | Villager (Male) |
| 25:03 | Create | Villager (Male) |
| 25:03 | Create | Villager (Male) |
| 25:10 | Build | Farm |
| 25:18 | Create | Villager (Male) |
| 25:23 | Research | Stone Mining |
| 25:45 | Create | Villager (Male) |
| 25:50 | Create | Villager (Male) |
| 25:53 | Create | Villager (Male) |
| 25:55 | Create | Villager (Male) |
| 26:01 | Create | Knight ×3 |
| 26:40 | Create | Knight |
| 26:50 | Research | Iron Casting |
| 27:18 | Research | Chain Barding Armor |
| 27:34 | Build | House |
| 27:35 | Build | House |
| 27:35 | Build | House |
| 27:40 | Create | Knight |
| 28:04 | Create | Camel Scout ×2 |
| 28:04 | Create | Knight ×2 |
| 28:23 | Create | Villager (Male) |
| 28:35 | Build | Castle |
| 28:47 | Build | Mining Camp |
| 28:51 | Research | Loom |
| 28:52 | Create | Villager (Male) ×5 |
| 29:53 | Research | Wheelbarrow |
| 29:53 | Research | Town Watch |
| 30:04 | Build | University |
| 30:19 | Research | Imperial Age |
| 30:19 | Research | Imperial Age |
| 30:34 | Build | Mining Camp |
| 30:46 | Research | Kamandaran |
| 30:46 | Research | Kamandaran |
| 30:53 | Build | Archery Range |
| 30:55 | Build | Archery Range |
| 30:57 | Build | Archery Range |
| 30:58 | Build | Archery Range |
| 31:03 | Research | Fletching |
| 31:11 | Research | Ballistics |
| 31:52 | Create | Camel Scout ×4 |
| 32:06 | Create | Archer ×5 |
| 32:08 | Create | Archer ×4 |
Build order — Bry.D
First 150 of 575 actions detected
| 0:14 | Create | Villager (Male) |
| 0:16 | Build | House |
| 0:17 | Build | House |
| 0:32 | Create | Villager (Male) |
| 0:35 | Create | Villager (Male) |
| 0:42 | Create | Villager (Male) |
| 1:47 | Create | Villager (Male) |
| 1:57 | Build | Lumber Camp |
| 2:05 | Create | Villager (Male) |
| 2:41 | Create | Villager (Male) |
| 3:04 | Create | Villager (Male) |
| 3:09 | Build | House |
| 3:27 | Create | Villager (Male) |
| 4:01 | Research | Loom |
| 4:08 | Build | House |
| 4:25 | Create | Villager (Male) |
| 4:25 | Create | Villager (Male) |
| 4:26 | Create | Villager (Male) |
| 4:26 | Create | Villager (Male) |
| 5:11 | Create | Villager (Male) |
| 5:38 | Create | Villager (Male) |
| 5:50 | Create | Villager (Male) |
| 6:04 | Create | Villager (Male) |
| 6:07 | Build | Mill |
| 6:09 | Build | House |
| 6:12 | Build | House |
| 6:17 | Create | Villager (Male) |
| 7:00 | Build | Mill |
| 7:04 | Create | Villager (Male) |
| 7:31 | Create | Villager (Male) |
| 8:07 | Create | Villager (Male) |
| 8:30 | Create | Villager (Male) |
| 8:36 | Research | Feudal Age |
| 8:36 | Research | Feudal Age |
| 8:45 | Build | Mining Camp |
| 9:10 | Create | Villager (Male) |
| 9:45 | Build | House |
| 9:59 | Build | Farm |
| 10:01 | Build | Farm |
| 10:04 | Build | Farm |
| 10:10 | Build | Farm |
| 10:46 | Age | Feudal Age |
| 11:08 | Create | Villager (Male) |
| 11:11 | Build | Market |
| 11:15 | Build | Market |
| 11:34 | Build | Mining Camp |
| 11:35 | Create | Villager (Male) |
| 12:12 | Research | Castle Age |
| 12:12 | Research | Castle Age |
| 12:50 | Research | Double-Bit Axe |
| 13:01 | Research | Horse Collar |
| 13:49 | Create | Villager (Male) |
| 14:52 | Age | Castle Age |
| 14:54 | Build | Town Center |
| 15:13 | Create | Villager (Male) |
| 15:15 | Research | Heavy Plow |
| 15:37 | Create | Villager (Male) |
| 15:57 | Create | Villager (Male) |
| 16:02 | Create | Villager (Male) |
| 16:11 | Create | Villager (Male) |
| 16:27 | Create | Villager (Male) |
| 16:36 | Build | Farm |
| 16:38 | Build | Farm |
| 16:40 | Build | Farm |
| 16:42 | Build | Farm |
| 16:49 | Build | Farm |
| 16:57 | Create | Villager (Male) |
| 17:02 | Create | Villager (Male) |
| 17:18 | Create | Villager (Male) |
| 17:35 | Research | Town Watch |
| 17:58 | Build | Castle |
| 18:04 | Build | House |
| 18:10 | Create | Villager (Male) |
| 18:13 | Create | Villager (Male) |
| 18:17 | Build | Farm |
| 18:29 | Build | Siege Workshop |
| 18:37 | Create | Villager (Male) |
| 18:39 | Create | Villager (Male) |
| 18:44 | Build | Farm |
| 18:55 | Research | Bow Saw |
| 18:55 | Research | Bow Saw |
| 19:09 | Create | Villager (Male) |
| 19:14 | Build | Farm |
| 19:20 | Create | Villager (Male) |
| 19:20 | Create | Villager (Male) |
| 19:32 | Create | Villager (Male) |
| 19:39 | Build | Farm |
| 19:42 | Create | Villager (Male) |
| 19:42 | Create | Villager (Male) |
| 19:47 | Build | Farm |
| 19:58 | Build | Farm |
| 19:58 | Create | Villager (Male) |
| 20:03 | Build | Farm |
| 20:05 | Create | Villager (Male) |
| 20:11 | Build | Farm |
| 20:14 | Build | Farm |
| 20:16 | Create | Villager (Male) |
| 20:22 | Build | Farm |
| 20:25 | Create | Villager (Male) |
| 20:40 | Create | Villager (Male) |
| 20:41 | Create | Villager (Male) |
| 20:50 | Build | Farm |
| 20:52 | Build | Farm |
| 20:55 | Build | Farm |
| 21:02 | Create | Villager (Male) |
| 21:02 | Create | Villager (Male) |
| 21:21 | Create | Villager (Male) |
| 21:22 | Create | Villager (Male) |
| 21:23 | Build | Farm |
| 21:28 | Create | Villager (Male) ×3 |
| 21:33 | Build | Farm |
| 21:36 | Build | Farm |
| 21:39 | Build | Farm |
| 21:58 | Create | Villager (Male) ×5 |
| 22:18 | Build | Town Center |
| 22:25 | Create | Villager (Male) ×5 |
| 22:34 | Build | Mining Camp |
| 22:55 | Research | Wheelbarrow |
| 22:59 | Research | Town Patrol |
| 23:20 | Create | Villager (Male) ×5 |
| 23:34 | Build | House |
| 23:41 | Create | Villager (Male) |
| 23:41 | Create | Villager (Male) |
| 23:54 | Create | Villager (Male) ×5 |
| 24:18 | Create | Villager (Male) |
| 24:22 | Create | Villager (Male) |
| 24:23 | Create | Villager (Male) |
| 24:56 | Research | Imperial Age |
| 24:56 | Research | Imperial Age |
| 25:06 | Build | Siege Workshop |
| 25:08 | Create | Villager (Male) |
| 25:11 | Create | Villager (Male) |
| 25:19 | Create | Villager (Male) |
| 25:22 | Create | Villager (Male) |
| 25:29 | Build | Lumber Camp |
| 25:44 | Create | Villager (Male) |
| 25:45 | Create | Villager (Male) |
| 25:46 | Create | Villager (Male) |
| 25:59 | Build | House |
| 26:05 | Build | House |
| 26:06 | Build | House |
| 26:16 | Research | Hand Cart |
| 26:17 | Create | Villager (Male) |
| 26:29 | Build | House |
| 26:35 | Build | House |
| 26:37 | Create | Scorpion |
| 26:37 | Create | Scorpion |
| 26:46 | Create | Scorpion |
| 26:46 | Create | Scorpion |
| 26:51 | Build | House |
Build order — Kellokz
First 150 of 330 actions detected
| 0:01 | Create | Villager (Male) |
| 0:02 | Create | Villager (Male) |
| 0:03 | Build | House |
| 0:05 | Build | House |
| 0:56 | Create | Villager (Male) |
| 0:57 | Create | Villager (Male) |
| 1:54 | Create | Villager (Male) |
| 1:54 | Create | Villager (Male) |
| 2:08 | Create | Villager (Male) |
| 2:24 | Build | Lumber Camp |
| 3:01 | Create | Villager (Male) |
| 3:01 | Create | Villager (Male) |
| 3:15 | Create | Villager (Male) |
| 3:15 | Create | Villager (Male) |
| 3:29 | Build | House |
| 3:47 | Create | Villager (Male) |
| 4:16 | Create | Villager (Male) |
| 4:46 | Build | Mill |
| 5:13 | Create | Villager (Male) |
| 5:13 | Create | Villager (Male) |
| 5:49 | Create | Villager (Male) |
| 5:50 | Create | Villager (Male) |
| 5:50 | Create | Villager (Male) |
| 6:00 | Create | Villager (Male) |
| 6:14 | Create | Villager (Male) |
| 6:17 | Build | House |
| 6:30 | Build | Mill |
| 7:09 | Create | Villager (Male) |
| 7:29 | Build | Farm |
| 7:31 | Create | Villager (Male) |
| 7:32 | Create | Villager (Male) |
| 7:36 | Build | House |
| 7:57 | Create | Villager (Male) |
| 8:18 | Build | Farm |
| 8:23 | Create | Villager (Male) |
| 8:46 | Create | Villager (Male) |
| 9:04 | Build | Farm |
| 9:13 | Create | Villager (Male) |
| 9:43 | Build | Mining Camp |
| 9:46 | Research | Feudal Age |
| 10:16 | Build | Mining Camp |
| 10:30 | Create | Villager (Male) |
| 10:30 | Create | Villager (Male) |
| 10:35 | Build | House |
| 12:09 | Age | Feudal Age |
| 12:12 | Build | Market |
| 12:29 | Build | Blacksmith |
| 13:06 | Research | Castle Age |
| 13:06 | Research | Castle Age |
| 13:11 | Research | Double-Bit Axe |
| 13:26 | Build | Farm |
| 13:49 | Research | Horse Collar |
| 13:49 | Research | Horse Collar |
| 14:23 | Build | Farm |
| 15:19 | Create | Villager (Male) |
| 15:20 | Create | Villager (Male) |
| 15:22 | Research | Gold Mining |
| 15:46 | Age | Castle Age |
| 16:39 | Build | Castle |
| 16:46 | Build | Farm |
| 16:58 | Build | Monastery |
| 17:18 | Build | House |
| 17:20 | Build | House |
| 17:25 | Build | Palisade Wall |
| 17:33 | Build | Palisade Wall |
| 17:39 | Build | House |
| 17:51 | Build | Palisade Wall |
| 18:05 | Create | Villager (Male) |
| 18:05 | Create | Villager (Male) |
| 18:06 | Create | Villager (Male) |
| 18:28 | Create | Villager (Male) |
| 18:29 | Create | Villager (Male) |
| 18:29 | Create | Monk |
| 18:30 | Create | Monk |
| 18:39 | Build | Town Center |
| 18:48 | Research | Forging |
| 18:49 | Research | Scale Barding Armor |
| 19:10 | Build | Mining Camp |
| 19:16 | Create | Unit 1949 |
| 19:16 | Create | Unit 1949 |
| 19:54 | Create | Unit 1949 |
| 19:59 | Create | Villager (Male) |
| 20:00 | Create | Villager (Male) |
| 20:10 | Build | Siege Workshop |
| 20:31 | Create | Unit 1949 |
| 20:31 | Create | Unit 1949 |
| 20:44 | Build | Farm |
| 20:45 | Create | Villager (Male) |
| 20:45 | Create | Villager (Male) |
| 20:56 | Build | Farm |
| 20:58 | Build | Farm |
| 21:29 | Create | Unit 1949 |
| 21:29 | Create | Unit 1949 |
| 22:10 | Create | Unit 1949 |
| 22:11 | Create | Unit 1949 |
| 22:17 | Create | Mangonel |
| 22:20 | Create | Battering Ram |
| 22:22 | Create | Battering Ram |
| 22:25 | Create | Villager (Male) |
| 22:25 | Create | Villager (Male) |
| 22:31 | Create | Villager (Male) |
| 22:36 | Build | Farm |
| 22:39 | Build | Farm |
| 22:40 | Create | Villager (Male) |
| 23:07 | Create | Unit 1949 |
| 23:07 | Create | Unit 1949 |
| 23:15 | Build | Farm |
| 23:16 | Create | Villager (Male) |
| 23:23 | Create | Villager (Male) |
| 23:23 | Create | Villager (Male) |
| 23:41 | Create | Unit 1949 |
| 23:41 | Create | Unit 1949 |
| 23:57 | Create | Villager (Male) |
| 23:59 | Create | Villager (Male) |
| 24:03 | Build | Farm |
| 24:27 | Create | Unit 1949 |
| 24:27 | Create | Unit 1949 |
| 24:43 | Research | Iron Casting |
| 25:06 | Create | Villager (Male) |
| 25:06 | Create | Villager (Male) |
| 25:10 | Build | House |
| 25:11 | Build | House |
| 25:12 | Build | House |
| 25:12 | Build | House |
| 25:34 | Create | Villager (Male) |
| 25:35 | Create | Villager (Male) |
| 25:46 | Create | Unit 1949 |
| 25:47 | Create | Unit 1949 |
| 26:01 | Build | Town Center |
| 26:16 | Create | Unit 1949 |
| 26:17 | Create | Unit 1949 |
| 26:56 | Build | Farm |
| 26:59 | Build | House |
| 27:01 | Build | House |
| 27:03 | Create | Villager (Male) |
| 27:05 | Research | Wheelbarrow |
| 27:32 | Create | Unit 1949 |
| 27:32 | Create | Unit 1949 |
| 27:43 | Build | Farm |
| 27:44 | Create | Villager (Male) |
| 27:45 | Create | Villager (Male) |
| 27:46 | Create | Villager (Male) |
| 27:47 | Create | Villager (Male) |
| 28:39 | Create | Unit 1949 |
| 28:39 | Create | Unit 1949 |
| 28:45 | Build | Farm |
| 29:25 | Create | Villager (Male) |
| 29:25 | Create | Villager (Male) |
| 29:25 | Create | Villager (Male) |
| 29:28 | Build | Farm |
Build order — 1683195
First 150 of 676 actions detected
| 0:02 | Create | Villager (Male) |
| 0:02 | Create | Villager (Male) |
| 0:02 | Create | Villager (Male) |
| 0:03 | Create | Villager (Male) |
| 0:04 | Build | House |
| 0:06 | Build | House |
| 1:25 | Create | Villager (Male) |
| 1:26 | Create | Villager (Male) |
| 1:47 | Build | House |
| 1:48 | Build | House |
| 1:49 | Build | House |
| 1:52 | Create | Villager (Male) |
| 1:52 | Create | Villager (Male) |
| 2:34 | Create | Villager (Male) |
| 2:34 | Create | Villager (Male) |
| 3:03 | Create | Villager (Male) |
| 3:11 | Create | Villager (Male) |
| 3:12 | Create | Villager (Male) |
| 3:43 | Create | Villager (Male) |
| 4:09 | Create | Villager (Male) |
| 4:21 | Create | Villager (Male) |
| 4:22 | Create | Villager (Male) |
| 4:58 | Create | Villager (Male) |
| 4:59 | Create | Villager (Male) |
| 4:59 | Create | Villager (Male) |
| 4:59 | Create | Villager (Male) |
| 5:19 | Create | Villager (Male) |
| 5:19 | Create | Villager (Male) |
| 5:37 | Create | Villager (Male) |
| 5:37 | Create | Villager (Male) |
| 7:14 | Build | Mill |
| 7:22 | Create | Villager (Male) |
| 7:51 | Create | Villager (Male) |
| 8:11 | Create | Villager (Male) |
| 8:38 | Build | Mining Camp |
| 8:47 | Create | Villager (Male) |
| 9:13 | Build | Lumber Camp |
| 9:19 | Research | Feudal Age |
| 9:19 | Research | Feudal Age |
| 9:45 | Build | House |
| 9:46 | Build | House |
| 10:33 | Build | Farm |
| 10:34 | Build | Farm |
| 10:59 | Create | Villager (Male) |
| 10:59 | Create | Villager (Male) |
| 11:00 | Create | Villager (Male) |
| 11:29 | Age | Feudal Age |
| 11:41 | Build | Market |
| 11:58 | Build | Blacksmith |
| 12:30 | Build | Mining Camp |
| 12:53 | Research | Castle Age |
| 13:18 | Build | Farm |
| 13:19 | Build | Farm |
| 13:20 | Build | Farm |
| 13:30 | Research | Double-Bit Axe |
| 14:18 | Research | Loom |
| 15:07 | Create | Villager (Male) |
| 15:07 | Create | Villager (Male) |
| 15:33 | Age | Castle Age |
| 15:33 | Build | Farm |
| 15:34 | Build | Farm |
| 15:42 | Build | Castle |
| 15:46 | Create | Villager (Male) |
| 16:31 | Create | Villager (Male) |
| 16:49 | Create | Villager (Male) |
| 16:52 | Build | Farm |
| 16:53 | Build | Farm |
| 16:54 | Build | Farm |
| 17:02 | Build | Mining Camp |
| 17:37 | Create | Mameluke |
| 17:37 | Create | Mameluke |
| 17:53 | Create | Villager (Male) |
| 18:02 | Build | Town Center |
| 18:12 | Create | Mameluke |
| 18:40 | Build | Siege Workshop |
| 18:44 | Create | Villager (Male) |
| 18:45 | Create | Villager (Male) |
| 18:45 | Create | Villager (Male) |
| 18:53 | Create | Villager (Male) |
| 19:23 | Create | Villager (Male) |
| 19:41 | Create | Villager (Male) |
| 19:41 | Create | Villager (Male) |
| 19:52 | Create | Villager (Male) |
| 20:04 | Create | Villager (Male) |
| 20:15 | Build | Farm |
| 20:16 | Build | Farm |
| 20:18 | Create | Villager (Male) |
| 20:28 | Create | Villager (Male) |
| 20:35 | Create | Scorpion |
| 20:35 | Create | Scorpion |
| 20:36 | Create | Scorpion |
| 20:44 | Create | Villager (Male) |
| 20:52 | Create | Villager (Male) |
| 20:52 | Create | Villager (Male) |
| 21:11 | Create | Villager (Male) |
| 21:22 | Create | Villager (Male) |
| 21:33 | Build | Castle |
| 21:36 | Create | Scorpion |
| 21:38 | Create | Villager (Male) |
| 21:38 | Create | Villager (Male) |
| 22:06 | Build | Mill |
| 22:08 | Create | Villager (Male) |
| 22:12 | Create | Villager (Male) |
| 22:12 | Create | Villager (Male) |
| 22:12 | Create | Villager (Male) |
| 22:20 | Build | Farm |
| 22:22 | Build | Farm |
| 22:23 | Build | Farm |
| 22:29 | Create | Villager (Male) |
| 22:29 | Create | Villager (Male) |
| 22:35 | Build | Farm |
| 22:36 | Build | Farm |
| 22:41 | Create | Villager (Male) |
| 22:43 | Create | Villager (Male) |
| 22:47 | Build | Farm |
| 22:48 | Build | Farm |
| 23:13 | Research | Horse Collar |
| 23:17 | Create | Villager (Male) |
| 23:27 | Build | Farm |
| 23:32 | Build | House |
| 23:33 | Build | House |
| 23:34 | Build | House |
| 23:35 | Build | House |
| 23:44 | Create | Villager (Male) |
| 23:49 | Build | Farm |
| 23:51 | Create | Villager (Male) |
| 23:54 | Create | Villager (Male) |
| 23:58 | Build | Farm |
| 24:06 | Research | Wheelbarrow |
| 24:08 | Create | Villager (Male) |
| 24:32 | Build | House |
| 24:33 | Build | House |
| 24:40 | Create | Villager (Male) |
| 24:54 | Create | Villager (Male) |
| 24:55 | Create | Villager (Male) |
| 25:10 | Build | Town Center |
| 25:18 | Create | Villager (Male) |
| 25:18 | Create | Villager (Male) |
| 25:19 | Create | Villager (Male) |
| 25:46 | Research | Gold Mining |
| 25:48 | Research | Fletching |
| 25:59 | Create | Villager (Male) |
| 26:23 | Build | House |
| 26:25 | Build | House |
| 26:26 | Build | House |
| 26:27 | Build | House |
| 26:29 | Create | Villager (Male) |
| 26:33 | Create | Villager (Male) |
| 27:08 | Research | Imperial Age |
| 27:08 | Research | Imperial Age |
Match timeline
| 9:25 | jabbler · age_up feudal |
| 10:37 | Bamboozled Kiwi · age_up feudal |
| 10:46 | Bry.D · age_up feudal |
| 11:16 | jabbler · first_building Barracks |
| 11:29 | 1683195 · age_up feudal |
| 11:33 | Kauly | TTV · age_up feudal |
| 12:09 | Kellokz · age_up feudal |
| 12:42 | 1683195 · first_market_buy 100 food |
| 13:33 | Bamboozled Kiwi · first_building Barracks |
| 13:58 | jabbler · first_market_sell 100 wood |
| 13:59 | jabbler · first_market_buy 100 food |
| 14:52 | Bry.D · age_up castle |
| 15:20 | Kauly | TTV · age_up castle |
| 15:23 | Kauly | TTV · first_building Monastery |
| 15:33 | 1683195 · age_up castle |
| 15:42 | 1683195 · first_building Castle |
| 15:46 | Kellokz · age_up castle |
| 16:05 | jabbler · first_building Stable |
| 16:39 | Kellokz · first_building Castle |
| 16:58 | Kellokz · first_building Monastery |
| 17:25 | Kellokz · wall_segment Palisade Wall x1 |
| 17:33 | Kellokz · wall_segment Palisade Wall x1 |
| 17:34 | Bamboozled Kiwi · age_up castle |
| 17:40 | Bry.D · first_market_buy 100 stone |
| 17:44 | Bry.D · first_market_sell 100 wood |
| 17:44 | jabbler · age_up castle |
| 17:51 | Kellokz · wall_segment Palisade Wall x1 |
| 17:58 | Bry.D · first_building Castle |
| 18:17 | Bamboozled Kiwi · wall_segment Stone Wall x2 |
| 18:29 | Bry.D · first_building Siege Workshop |
| 18:40 | 1683195 · first_building Siege Workshop |
| 18:45 | Bamboozled Kiwi · first_building Castle |
| 20:10 | Kellokz · first_building Siege Workshop |
| 21:38 | Bamboozled Kiwi · first_market_buy 100 wood |
| 23:22 | Kellokz · first_market_buy 100 food |
| 24:37 | Kellokz · first_market_sell 100 wood |
| 24:40 | Kauly | TTV · first_building Castle |
| 26:21 | Bamboozled Kiwi · first_building Siege Workshop |
| 26:37 | Kauly | TTV · first_building Barracks |
| 27:22 | 1683195 · first_building Barracks |
| 27:23 | Kauly | TTV · first_building Stable |
| 27:51 | 1683195 · first_building Archery Range |
| 27:58 | Bamboozled Kiwi · first_market_sell 100 food |
| 28:06 | Bry.D · age_up imperial |
| 28:07 | Kauly | TTV · first_building Siege Workshop |
| 28:20 | Kauly | TTV · first_building Archery Range |
| 28:35 | jabbler · first_building Castle |
| 29:23 | Bamboozled Kiwi · age_up imperial |
| 29:49 | Kellokz · first_building Barracks |
| 30:18 | 1683195 · age_up imperial |
| 30:53 | jabbler · first_building Archery Range |
| 33:04 | jabbler · age_up imperial |
| 34:04 | Kauly | TTV · tribute_sent a jugador 1 |
| 34:04 | Kauly | TTV · tribute_sent a jugador 2 |
| 34:04 | Kauly | TTV · tribute_sent a jugador 4 |
| 34:04 | Kauly | TTV · tribute_sent a jugador 5 |
| 34:04 | Kauly | TTV · tribute_sent a jugador 6 |
| 35:55 | Bry.D · wall_segment Stone Wall x1 |
| 36:42 | Kauly | TTV · age_up imperial |
| 37:14 | Kellokz · age_up imperial |
| 38:26 | Bry.D · first_building Stable |
| 38:59 | 1683195 · first_building Stable |
| 39:56 | jabbler · wall_segment Stone Wall x6 |
| 40:01 | jabbler · wall_segment Stone Wall x5 |
| 49:39 | Bry.D · wall_segment Stone Wall x1 |
| 49:59 | Bry.D · wall_segment Stone Wall x1 |
| 49:59 | Bry.D · wall_segment Stone Wall x1 |
| 58:36 | Bry.D · wall_segment Stone Wall x1 |
| 58:48 | Bry.D · first_building Barracks |
| 63:08 | Bry.D · first_building Archery Range |
| 65:45 | Bamboozled Kiwi · first_building Archery Range |
| 66:59 | jabbler · resign |
[ AI ANALYSIS · 1 CREDIT ]
What really happened in this match?
Wolo.gg analyzes every decision: build order, eco, micro, common mistakes by bracket. Personalized analysis on WhatsApp or Discord in 30 seconds.
Civ guide
Italians
Perfil
Jugador #18436995